 Dungeon Crawl Stone Soup version 0.30.1-3-gfc49f6343a (webtiles) character file.

Game seed: 3234826687903537762

179 Descartes the Shield-Bearer (level 5, 0/41 HPs)
             Began as a Formicid Fighter on July 23, 2023.
             Slain by Ijyb
             ... wielding a +0 club
              (3 damage)
             ... on level 3 of the Dungeon.
             The game lasted 00:04:05 (1690 turns).

Descartes the Shield-Bearer (Formicid Fighter)      Turns: 1690, Time: 00:04:05

Health: 0/41       AC:  9    Str: 19 (22) XL:     5   Next: 90%
Magic:  5/5        EV:  7    Int:  7 (8)  God:
Gold:   76         SH:  5    Dex: 11 (13) Spells: 4/4 levels left

rFire   . . .        a - +0 war axe (drain)
rCold   . . .        c - +0 buckler
rNeg    . . .        i - +0 chain mail
rPois   .            (helmet unavailable)
rElec   .            (no cloak)
rCorr   .            (no gloves)
SInv    +            (no boots)
Will    .....        (no amulet) Stlth
                     (no ring)
HPRegen 0.26/turn    (no ring)
MPRegen 0.09/turn

%: no passive effects
@: studying Shields
A: permanent stasis, dig shafts and tunnels, antennae 3, four strong arms
a: Dig, Shaft Self


You were on level 3 of the Dungeon.
You visited 1 branch of the dungeon, and saw 3 of its levels.

You collected 76 gold pieces.

Inventory:

Hand Weapons
 a - a +0 war axe of draining (weapon)
 b - the +4 sling of Greatest Utility {heavy, Fly rElec Dex+3}
   (You found it on level 2 of the Dungeon)

   Dex:       It affects your dexterity (+3).
   rElec:     It insulates you from electricity.
   Fly:       It grants you flight.
Armour
 c - a +0 buckler (worn)
 i - a +0 chain mail (worn)
Wands
 m - a wand of charming (6)
Scrolls
 j - a scroll of fear
 l - a scroll of amnesia {unknown}
Potions
 d - a potion of might


   Skills:
 - Level 3.2 Fighting
 + Level 3.0 Axes
 + Level 4.2 Armour
 + Level 5.0 Shields
 * Level 3.7 Earth Magic


You had 4 spell levels left.
You didn't know any spells.
Your spell library contained the following spells:

 Spells                   Type           Power      Damage    Failure   Level
 Inner Flame              Hex/Fire       0%         N/A       100%        3
 Yara's Violent Unravell  Hex/Tmut       0%         3d3       100%        5
 Enfeeble                 Hex            0%         N/A       100%        7


Dungeon Overview and Level Annotations

Branches:
Dungeon (3/15)

Altars:

Annotations:
D:3 Ijyb


Innate Abilities, Weirdness & Mutations

You cannot be hasted, slowed, berserked, paralysed or teleported.
You can dig through walls and to a lower floor.
You have a pair of large antennae on your head. (SInv)
Your four strong arms can wield two-handed weapons with a shield.


Message History

The grasping roots grab you!
Ijyb is unaffected.
The grasping roots constrict you. You block Ijyb's attack.
The grasping roots constrict you.
You barely miss Ijyb.
Ijyb is lightly wounded.
Ijyb hits you but does no damage. The grasping roots constrict you.
A worm comes into view.
You closely miss Ijyb.
Ijyb is lightly wounded.
You block Ijyb's attack. The grasping roots constrict you.
A worm comes into view.
The grasping roots release their grip on you.
You barely miss Ijyb.
Ijyb is lightly wounded.
Ijyb hits you with a +0 club.
Ijyb zaps a wand.
The roots erupt in riotous growth!
The grasping roots grab you!
Ijyb is unaffected.
The grasping roots constrict you.
You slash Ijyb! You drain Ijyb.
Ijyb is severely wounded.
Ijyb hits you but does no damage. The grasping roots constrict you.
* * * LOW HITPOINT WARNING * * *
You barely miss Ijyb.
Ijyb is severely wounded.
Ijyb hits you with a +0 club.
* * * LOW HITPOINT WARNING * * *
The grasping roots constrict you.
* * * LOW HITPOINT WARNING * * *
Ijyb barely misses you. The grasping roots constrict you.
* * * LOW HITPOINT WARNING * * *
The grasping roots release their grip on you.
It was a potion of degeneration.
There was something very wrong with that liquid.
You feel weakened.
You feel dopey.
You feel clumsy. Ijyb hits you with a +0 club.
* * * LOW HITPOINT WARNING * * *
It was a potion of haste.
Your stasis prevents you from being hasted.
Ijyb hits you with a +0 club.
You die...

#.# #.# #.# #.# #.#
#.# #######.######
.............#######
############....@..#
##.##g..# #.#....~##
#.#...~~##
#.#.#w~### .... ~w#
#... ~~# ...# ~~#
####


You could see Ijyb (very drained) and 2 worms.

Vanquished Creatures
  An ogre (D:2)
  6 adders (D:2)
  4 dart slugs
  5 orcs (D:3)
  2 bats (D:2)
  2 giant cockroaches
  6 hobgoblins
  A kobold (D:2)
  2 ball pythons (D:2)
  3 frilled lizards
  4 goblins
  A rat (D:2)
37 creatures vanquished.

Notes
Turn   | Place    | Note
-------+----------+-------------------------------------------
     0 | D:1      | Descartes the Formicid Fighter began the quest for the Orb.
     0 | D:1      | Reached XP level 1. HP: 18/18 MP: 1/1
   170 | D:1      | Reached skill level 1 in Earth Magic
   170 | D:1      | Reached XP level 2. HP: 21/24 MP: 2/2
   513 | D:1      | Found a faded altar of an unknown god.
   697 | D:2      | Reached XP level 3. HP: 21/29 MP: 3/3
   784 | D:2      | Identified the +4 sling of Greatest Utility {heavy, Fly
                  | rElec Dex+3}
   903 | D:2      | Noticed an ogre
   913 | D:2      | Killed an ogre
   914 | D:2      | Reached XP level 4. HP: 3/35 MP: 4/4
   914 | D:2      | Reached XP level 5. HP: 4/41 MP: 5/5
  1359 | D:2      | Reached skill level 5 in Shields
  1538 | D:3      | Identified a scroll of acquirement
  1538 | D:3      | Acquired a manual of Shields
  1679 | D:3      | Noticed Ijyb
  1690 | D:3      | Slain by Ijyb

Illustrated notes

Levels and vault maps discovered:
D:1:      tarquinn_simple_flora_water_d, layout_basic,
          shapermc_ecumenical_altar_petra
D:2:      layout_loops_cross
D:3:      layout_loops_ring, elyvilon_altar_1, lemuel_zombie_altar_yredelemnul,
          cheibrodos_sewer_entry_bend, roderic_nine_men_s_morris,
          nrook_campfire, uniq_ijyb

Skill      XL: |  1  2  3  4  5 |
---------------+----------------+-----
Earth Magic    | 1 3 |  3.7
Armour         | 4 |  4.2
Shields        | 5 |  5.0
Axes           | 3 |  3.0
Fighting       | |  3.2

Action                     |  1- 3 |  4- 6 || total
---------------------------+-------+-------++-------
  Melee: War axe           |    55 |    69 ||   124
    Use: Scroll            |       |     4 ||     4
         Potion            |       |     2 ||     2
 Armour: Scale mail        |     7 |       ||     7
         Chain mail        |    15 |    32 ||    47
  Dodge: Dodged            |    20 |    18 ||    38
  Block: Buckler           |    12 |    18 ||    30
